 Dungeon Crawl Stone Soup version 0.29.0-4-gdea44cf6ec (webtiles) character file.

Game seed: 9133859043083822824

10571 qw the Cleaver (level 11, -9/92 HPs)
             Began as a Formicid Cinder Acolyte on Sept 4, 2022.
             Was a Follower of Ignis.
             Mangled by a large abomination (22 damage)
             ... on level 10 of the Dungeon.
             The game lasted 00:03:44 (11716 turns).

qw the Cleaver (Formicid Cinder Acolyte)           Turns: 11716, Time: 00:03:45

Health: -9/92      AC: 17    Str: 22    XL:     11   Next: 95%
Magic:  12/12      EV: 12    Int: 15    God:    Ignis [*.....]
Gold:   660        SH:  5    Dex:  9    Spells: 12/12 levels left

rFire   + . .      SeeInvis +   a - +3 battleaxe
rCold   . . .      Faith    .   (no shield)
rNeg    . . .      Spirit   .   l - +0 chain mail
rPois   .          Reflect  +   (helmet unavailable)
rElec   .          Harm     .   (no cloak)
rCorr   .          Rampage  .   (no gloves)
Will    +....                   (no boots)
Stlth   ..........              c - amulet of reflection
HPRegen 0.25/turn               f - +4 ring of evasion
MPRegen 0.13/turn               k - +4 ring of slaying {mikee}

@: fiery-armoured
A: permanent stasis, dig shafts and tunnels, antennae 3, four strong arms
a: Dig, Shaft Self, Renounce Religion, Fiery Armour, Foxfire Swarm, Rising Flame


You were on level 10 of the Dungeon.
You worshipped Ignis.
Ignis was aware of your devotion.
You visited 1 branch of the dungeon, and saw 10 of its levels.

You collected 660 gold pieces.


Innate Abilities, Weirdness & Mutations

You cannot be hasted, slowed, berserked, paralysed or teleported.
You can dig through walls and to a lower floor.
You have a pair of large antennae on your head. (SInv)
Your four strong arms can wield two-handed weapons with a shield.


   Skills:
 - Level 10.3 Fighting
 + Level 14.0 Axes
 - Level 3.9 Throwing
 - Level 6.2 Armour
 - Level 2.1 Dodging
 - Level 1.1 Spellcasting
 - Level 3.0 Fire Magic


You had 12 spell levels left.
You didn't know any spells.
Your spell library contained the following spells:

 Spells                   Type           Power      Damage    Failure   Level
 Scorch                   Fire           18%        2d5       61%         2

Inventory:

Hand Weapons
 a - a +3 battleaxe (weapon)
 d - a -1 hand axe of flaming
Missiles
 i - 2 boomerangs (quivered)
Armour
 l - a +0 chain mail (worn)
Jewellery
 c - an amulet of reflection (around neck)
 e - a ring of poison resistance
 f - a +4 ring of evasion (left hand)
 k - a +4 ring of slaying (right hand) {mikee}
Scrolls
 b - a scroll of enchant armour
 j - 3 scrolls of identify
 m - a scroll of immolation {unknown}
Potions
 g - 4 potions of cancellation
 h - 4 potions of curing

Dungeon Overview and Level Annotations

Branches:
Dungeon (10/15)            Temple (0/1) D:5             Orc (0/2) D:10
   Lair: D:8-11

Altars:
Dithmenos
Elyvilon
Uskayaw
Wu Jian
The Shining One

Shops:
D:4 :


Message History

The large abomination is severely damaged.
The large abomination barely misses you.
You hit the large abomination but do no damage.
The large abomination is severely damaged.
The large abomination hits you!!
You hit the large abomination but do no damage.
The large abomination is severely damaged.
The large abomination misses you.
You barely miss the large abomination.
The large abomination is severely damaged.
The large abomination barely misses you.
You barely miss the large abomination.
The large abomination is severely damaged.
The large abomination hits you!
The large abomination is burned by your cloak of flames.
The large abomination is severely damaged.
You hit the large abomination.
The large abomination is severely damaged.
The large abomination barely misses you.
You barely miss the large abomination.
The large abomination is severely damaged.
The large abomination hits you.
The large abomination is burned by your cloak of flames.
The large abomination is almost destroyed.
You slash the large abomination!
You destroy the large abomination!
Your Fighting skill increases to level 10!
You barely miss the small abomination.
The small abomination hits you but does no damage.
You slice the small abomination!!
The small abomination is severely damaged.
The small abomination barely misses you.
You hit the small abomination but do no damage.
The small abomination is severely damaged.
The small abomination closely misses you.
You slash the small abomination!
You destroy the small abomination!
You hit the large abomination but do no damage.
The large abomination hits you!!
You die...

....................#.....#
............##########....#
...##...### ..#. {#....#
#)### ...'. {#...## #...#
...# {#####
##...###....#{{{
#....#.#x...# #....#.XXx..#
+....'@#{{ ####.###{ #.#
#.. #... #.... #.... #####


You could see 2 large abominations and 2 small abominations.

Vanquished Creatures
  A yaktaur captain (D:10)
  A boulder beetle (D:10)
  2 two-headed ogres (D:10)
  A large abomination (D:10)
  A flayed ghost (D:10)
  A wizard (D:10)
  2 cyclopes
  A gargoyle (D:10)
  A troll (D:10)
  Sigmund (D:6)
  A wyvern (D:10)
  4 yaks (D:8)
  A steam dragon (D:8)
  4 small abominations (D:10)
  3 acid dragons
  2 orc warriors
  2 sky beasts
  4 ice beasts
  2 black bears (D:7)
  2 centaurs
  An ogre (D:7)
  A phantom (D:5)
  6 bullfrogs
  A kobold brigand (D:10)
  3 necrophages
  A gnoll sergeant (D:6)
  3 scorpions
  3 wights (D:9)
  6 howler monkeys
  An electric eel (D:6)
  6 jellies
  3 hounds
  5 orc priests
  6 iguanas
  9 orc wizards
  5 adders
  11 gnolls
  A shadow imp (D:6)
  2 white imps
  2 ufetubi (D:7)
  A worm (D:2)
  2 dart slugs
  30 orcs
  8 endoplasms
  A giant cockroach (D:2)
  11 goblins
  6 hobgoblins
  2 jackals (D:3)
  4 quokkas
  6 ball pythons
  4 bats
  5 frilled lizards
  8 kobolds
  11 rats
212 creatures vanquished.

Vanquished Creatures (others)
  3 fungi (D:4)
  5 plants (D:10)
8 creatures vanquished.

Grand Total: 220 creatures vanquished

Notes
Turn   | Place    | Note
-------+----------+-------------------------------------------
     0 | D:1      | qw the Formicid Cinder Acolyte began the quest for the Orb.
     0 | D:1      | Reached XP level 1. HP: 18/18 MP: 2/2
     0 | D:1      | 0 ||| qw: Version: 0.1-a-103-gd6f5d3a
     0 | D:1      | 0 ||| qw: Game counter: 5380
     0 | D:1      | 0 ||| qw: Always use a shield: true
     0 | D:1      | 0 ||| qw: God list: Okawaru
     0 | D:1      | 0 ||| qw: Allow faded altars: false
     0 | D:1      | 0 ||| qw: Do Orc after D:15 true
     0 | D:1      | 0 ||| qw: Do second Lair branch before Depths: true
     0 | D:1      | 0 ||| qw: Lair rune preference: random
     0 | D:1      | 0 ||| qw: Plans: Normal
     0 | D:1      | 0 ||| PLANNING D:1-11
    10 | D:1      | Noticed a centaur
    28 | D:1      | 28 ||| INVOKING Fiery Armour.
   361 | D:1      | 361 ||| INVOKING Fiery Armour.
   362 | D:1      | Reached XP level 2. HP: 13/24 MP: 3/3
  1376 | D:1      | 1376 ||| UPGRADING to +0 ring mail.
  1386 | D:1      | 1386 ||| DROPPING +0 robe.
  1387 | D:1      | 1387 ||| UPGRADING to amulet of reflection.
  1392 | D:1      | 1392 ||| UPGRADING to +4 ring of evasion.
  1393 | D:1      | 1393 ||| READING scroll labelled HYGUHO EMAONEJ.
  1394 | D:1      | 1394 ||| READING 2 scrolls labelled UXOISTR NEFYTO.
  1395 | D:1      | 1395 ||| READING scroll labelled WYUDUIZX PUWI.
  1396 | D:1      | 1396 ||| DRINKING 2 fuming white potions.
  1397 | D:1      | 1397 ||| DROPPING potion of invisibility.
  1398 | D:1      | 1398 ||| DROPPING scroll of blinking.
  1443 | D:2      | 1443 ||| Stepping ~*~*~tactically~*~*~ (stealth).
  1446 | D:2      | Reached skill level 4 in Axes
  1446 | D:2      | Reached XP level 3. HP: 28/29 MP: 4/4
  1452 | D:2      | 1452 ||| Stepping ~*~*~tactically~*~*~ (stealth).
  1463 | D:2      | Reached skill level 1 in Armour
  1483 | D:2      | 1483 ||| Stepping ~*~*~tactically~*~*~ (hiding).
  1485 | D:2      | 1485 ||| Stepping ~*~*~tactically~*~*~ (hiding).
  1605 | D:2      | 1605 ||| Stepping ~*~*~tactically~*~*~ (stealth).
  1632 | D:2      | 1632 ||| Stepping ~*~*~tactically~*~*~ (stealth).
  1634 | D:2      | 1634 ||| INVOKING Fiery Armour.
  1785 | D:2      | 1785 ||| SWAPPING to +0 war axe.
  1792 | D:2      | Reached XP level 4. HP: 35/35 MP: 5/5
  2385 | D:2      | 2385 ||| READING scroll labelled GIHION MOYLE.
  2386 | D:2      | 2386 ||| READING scroll labelled BIXUONKEOH.
  2387 | D:2      | 2387 ||| DRINKING 2 cyan potions.
  2508 | D:3      | Found the +8 demon trident "Rift" {distort, reach+}
  2530 | D:3      | 2530 ||| Stepping ~*~*~tactically~*~*~ (stealth).
  2534 | D:3      | 2534 ||| Stepping ~*~*~tactically~*~*~ (hiding).
  2550 | D:3      | Reached skill level 5 in Axes
  2550 | D:3      | Reached XP level 5. HP: 21/41 MP: 6/6
  2821 | D:3      | Found a faded altar of an unknown god.
  2839 | D:3      | 2839 ||| Stepping ~*~*~tactically~*~*~ (hiding).
  2850 | D:3      | Reached skill level 1 in Dodging
  3003 | D:3      | 3003 ||| Stepping ~*~*~tactically~*~*~ (hiding).
  3757 | D:3      | 3757 ||| UPGRADING to +0 scale mail.
  3767 | D:3      | 3767 ||| DROPPING +0 ring mail.
  3768 | D:3      | 3768 ||| UPGRADING to +0 chain mail.
  3778 | D:3      | 3778 ||| DROPPING +0 scale mail.
  3779 | D:3      | 3779 ||| READING scroll labelled WONGUKHIEN.
  3780 | D:3      | 3780 ||| READING scroll labelled JOEFIKI ABEL.
  3781 | D:3      | 3781 ||| READING scroll labelled LILEUM MOLLOPT.
  3817 | D:4      | 3817 ||| STAIRDANCE
  3827 | D:4      | Reached XP level 6. HP: 29/47 MP: 7/7
  3827 | D:4      | 3827 ||| STAIRDANCE
  3977 | D:4      | Reached skill level 6 in Axes
  4064 | D:4      | Found Uciarph's Self-Improvement Boutique.
  4140 | D:4      | 4140 ||| Stepping ~*~*~tactically~*~*~ (stealth).
  4190 | D:4      | 4190 ||| Stepping ~*~*~tactically~*~*~ (stealth).
  4381 | D:4      | 4381 ||| READING scroll labelled DEEQUW URHOCIM.
  4382 | D:4      | 4382 ||| READING scroll labelled AXKAGA YSAYKKE.
  4383 | D:4      | 4383 ||| DRINKING 2 black potions.
  4384 | D:4      | 4384 ||| Stepping randomly (stuck).
  4385 | D:4      | 4385 ||| Stepping ~*~*~tactically~*~*~ (cloud).
  4532 | D:5      | Entered Level 5 of the Dungeon
  4564 | D:5      | Reached skill level 1 in Throwing
  4793 | D:5      | Reached XP level 7. HP: 50/55 MP: 8/8
  5428 | D:5      | Reached skill level 7 in Axes
  5630 | D:5      | Found a staircase to the Ecumenical Temple.
  5652 | D:5      | 5652 ||| READING scroll labelled WIDGHA ICUI.
  5653 | D:5      | 5653 ||| DRINKING 2 viscous orange potions.
  5654 | D:5      | 5654 ||| READING 3 scrolls of identify.
  5654 | D:5      | 5654 ||| IDENTIFYING fuming emerald potion
  5655 | D:5      | 5655 ||| READING 2 scrolls of identify.
  5655 | D:5      | 5655 ||| IDENTIFYING sapphire potion
  5656 | D:5      | 5656 ||| DROPPING potion of brilliance.
  5657 | D:5      | 5657 ||| DROPPING potion of degeneration.
  5734 | D:6      | 5734 ||| Stepping ~*~*~tactically~*~*~ (stealth).
  5735 | D:6      | 5735 ||| Stepping ~*~*~tactically~*~*~ (stealth).
  5796 | D:6      | Reached XP level 8. HP: 61/61 MP: 9/9
  5810 | D:6      | 5810 ||| DRINKING potion of curing.
  5810 | D:6      | 5810 ||| (to cure confusion)
  5816 | D:6      | 5816 ||| INVOKING Fiery Armour.
  5818 | D:6      | Reached skill level 8 in Axes
  5819 | D:6      | HP: 14/61 [orc priest/divine providence (11)]
  5820 | D:6      | 5820 ||| DRINKING potion of heal wounds.
  5828 | D:6      | Reached skill level 3 in Armour
  5971 | D:6      | 5971 ||| Stepping ~*~*~tactically~*~*~ (hiding).
  6021 | D:6      | Noticed Sigmund
  6022 | D:6      | 6022 ||| Stepping ~*~*~tactically~*~*~ (hiding).
  6032 | D:6      | Killed Sigmund
  6033 | D:6      | 6033 ||| FLEEEEING.
  6034 | D:6      | 6034 ||| FLEEEEING.
  6035 | D:6      | 6035 ||| FLEEEEING.
  6036 | D:6      | 6036 ||| FLEEEEING.
  6037 | D:6      | 6037 ||| FLEEEEING.
  6038 | D:6      | 6038 ||| FLEEEEING.
  6039 | D:6      | 6039 ||| FLEEEEING.
  6040 | D:6      | 6040 ||| FLEEEEING.
  6041 | D:6      | 6041 ||| FLEEEEING.
  6042 | D:6      | 6042 ||| FLEEEEING.
  6043 | D:6      | 6043 ||| FLEEEEING.
  6044 | D:6      | 6044 ||| FLEEEEING.
  6045 | D:6      | 6045 ||| FLEEEEING.
  6046 | D:6      | 6046 ||| FLEEEEING.
  6047 | D:6      | 6047 ||| FLEEEEING.
  6048 | D:6      | 6048 ||| FLEEEEING.
  6049 | D:6      | 6049 ||| FLEEEEING.
  6050 | D:6      | 6050 ||| FLEEEEING.
  6051 | D:6      | 6051 ||| FLEEEEING.
  6052 | D:6      | 6052 ||| FLEEEEING.
  6053 | D:6      | 6053 ||| FLEEEEING.
  6054 | D:6      | 6054 ||| STAIRDANCE
  6122 | D:6      | 6122 ||| Stepping ~*~*~tactically~*~*~ (stealth).
  6124 | D:6      | 6124 ||| Stepping ~*~*~tactically~*~*~ (stealth).
  6126 | D:6      | 6126 ||| Stepping ~*~*~tactically~*~*~ (hiding).
  6140 | D:6      | Reached skill level 9 in Axes
  6143 | D:6      | 6143 ||| FLEEEEING.
  6148 | D:6      | 6148 ||| STAIRDANCE
  6242 | D:6      | 6242 ||| Stepping ~*~*~tactically~*~*~ (stealth).
  6247 | D:6      | 6247 ||| Stepping ~*~*~tactically~*~*~ (stealth).
  6248 | D:6      | 6248 ||| Stepping ~*~*~tactically~*~*~ (stealth).
  6249 | D:6      | 6249 ||| Stepping ~*~*~tactically~*~*~ (stealth).
  6371 | D:6      | 6371 ||| READING scroll of brand weapon.
  6371 | D:6      | 6371 ||| BRANDING +1 war axe of venom.
  6428 | D:6      | 6428 ||| Stepping ~*~*~tactically~*~*~ (stealth).
  6436 | D:6      | 6436 ||| Stepping ~*~*~tactically~*~*~ (stealth).
  6438 | D:6      | 6438 ||| Stepping ~*~*~tactically~*~*~ (stealth).
  6441 | D:6      | 6441 ||| Stepping ~*~*~tactically~*~*~ (stealth).
  6442 | D:6      | 6442 ||| Stepping ~*~*~tactically~*~*~ (stealth).
  6445 | D:6      | 6445 ||| Stepping ~*~*~tactically~*~*~ (hiding).
  6446 | D:6      | 6446 ||| Stepping ~*~*~tactically~*~*~ (hiding).
  6455 | D:6      | Reached skill level 6 in Fighting
  6455 | D:6      | Reached XP level 9. HP: 63/69 MP: 10/10
  6627 | D:6      | 6627 ||| FLEEEEING.
  6628 | D:6      | 6628 ||| FLEEEEING.
  6629 | D:6      | 6629 ||| FLEEEEING.
  6630 | D:6      | 6630 ||| FLEEEEING.
  6631 | D:6      | 6631 ||| FLEEEEING.
  6632 | D:6      | 6632 ||| FLEEEEING.
  6633 | D:6      | 6633 ||| FLEEEEING.
  6634 | D:6      | 6634 ||| FLEEEEING.
  6640 | D:6      | 6640 ||| FLEEEEING.
  6647 | D:6      | 6647 ||| STAIRDANCE
  6695 | D:6      | 6695 ||| STAIRDANCE
  6722 | D:5      | 6722 ||| SWAPPING to +0 battleaxe.
  6723 | D:5      | 6723 ||| DROPPING +1 war axe of freezing.
  6757 | D:6      | 6757 ||| FLEEEEING.
  6758 | D:6      | 6758 ||| FLEEEEING.
  6759 | D:6      | 6759 ||| FLEEEEING.
  7019 | D:6      | 7019 ||| FLEEEEING.
  7020 | D:6      | 7020 ||| FLEEEEING.
  7021 | D:6      | 7021 ||| FLEEEEING.
  7022 | D:6      | 7022 ||| FLEEEEING.
  7153 | D:6      | Reached skill level 10 in Axes
  7246 | D:7      | Found a white marble altar of Elyvilon.
  7379 | D:7      | 7379 ||| Stepping ~*~*~tactically~*~*~ (stealth).
  7642 | D:7      | Found an ornate altar of the Wu Jian Council.
  7654 | D:7      | 7654 ||| READING scroll of enchant weapon.
  7654 | D:7      | 7654 ||| ENCHANTING +0 battleaxe.
  8004 | D:7      | 8004 ||| READING 3 scrolls of identify.
  8004 | D:7      | 8004 ||| IDENTIFYING glowing cyan potion
  8005 | D:7      | 8005 ||| DROPPING potion of flight.
  8006 | D:7      | 8006 ||| Stepping randomly (stuck).
  8007 | D:7      | 8007 ||| Stepping randomly (stuck).
  8008 | D:7      | 8008 ||| Stepping randomly (stuck).
  8009 | D:7      | 8009 ||| Stepping randomly (stuck).
  8191 | D:7      | Noticed a cyclops
  8192 | D:7      | 8192 ||| INVOKING Fiery Armour.
  8198 | D:7      | Killed a cyclops
  8199 | D:7      | Reached skill level 11 in Axes
  8199 | D:7      | Reached XP level 10. HP: 58/79 MP: 11/11
  8378 | D:7      | 8378 ||| READING 2 scrolls of identify.
  8378 | D:7      | 8378 ||| IDENTIFYING ruby potion
  8379 | D:7      | 8379 ||| DROPPING potion of ambrosia.
  8397 | D:8      | 8397 ||| STAIRDANCE
  8417 | D:8      | 8417 ||| STAIRDANCE
  8567 | D:8      | 8567 ||| Stepping ~*~*~tactically~*~*~ (stealth).
  8578 | D:8      | 8578 ||| INVOKING Fiery Armour.
  8584 | D:8      | HP: 14/80 [yak (9)]
  8585 | D:8      | 8585 ||| DRINKING 2 potions of heal wounds.
  8589 | D:8      | Reached skill level 12 in Axes
  8787 | D:8      | 8787 ||| Stepping ~*~*~tactically~*~*~ (hiding).
  8798 | D:8      | You fall into a shaft and drop 1 floor!
  8893 | D:9      | 8893 ||| Stepping ~*~*~tactically~*~*~ (hiding).
  8894 | D:9      | 8894 ||| Stepping ~*~*~tactically~*~*~ (hiding).
  9008 | D:9      | Identified the +9 dagger of Earthquakes {venom, *Corrode
                  | Fragile Int+9}
  9151 | D:9      | 9151 ||| READING scroll of enchant weapon.
  9151 | D:9      | 9151 ||| ENCHANTING +1 battleaxe.
  9507 | D:8      | Found a hide-covered altar of Uskayaw.
 10002 | D:8      | 10002 ||| UPGRADING to +4 ring of slaying {mikee}.
 10067 | D:9      | 10067 ||| Stepping ~*~*~tactically~*~*~ (stealth).
 10068 | D:9      | 10068 ||| Stepping ~*~*~tactically~*~*~ (stealth).
 10070 | D:9      | 10070 ||| Stepping ~*~*~tactically~*~*~ (hiding).
 10268 | D:9      | 10268 ||| INVOKING Fiery Armour.
 10479 | D:9      | Found a shadowy altar of Dithmenos.
 10570 | D:10     | Entered Level 10 of the Dungeon
 10656 | D:10     | Noticed a boulder beetle
 10656 | D:10     | Noticed a yaktaur captain
 10657 | D:10     | 10657 ||| INVOKING Fiery Armour.
 10664 | D:10     | Killed a yaktaur captain
 10670 | D:10     | HP: 4/80 [boulder beetle (22)]
 10671 | D:10     | 10671 ||| DRINKING 2 potions of heal wounds.
 10675 | D:10     | HP: 12/80 [boulder beetle (17)]
 10676 | D:10     | 10676 ||| DRINKING potion of heal wounds.
 10681 | D:10     | Reached skill level 13 in Axes
 10681 | D:10     | Reached XP level 11. HP: 14/86 MP: 12/12
 10682 | D:10     | Killed a boulder beetle
 10683 | D:10     | Reached skill level 3 in Throwing
 10684 | D:10     | HP: 13/86 [kobold brigand/+0 dagger (1)]
 10994 | D:10     | Noticed a flayed ghost
 10994 | D:10     | Noticed a cyclops
 10994 | D:10     | Noticed a two-headed ogre
 10995 | D:10     | 10995 ||| INVOKING Fiery Armour.
 11002 | D:10     | Killed a flayed ghost
 11003 | D:10     | Reached skill level 9 in Fighting
 11005 | D:10     | Killed a two-headed ogre
 11013 | D:10     | Killed a cyclops
 11222 | D:10     | Noticed a two-headed ogre
 11223 | D:10     | 11223 ||| INVOKING Fiery Armour.
 11227 | D:10     | Killed a two-headed ogre
 11230 | D:10     | Reached skill level 14 in Axes
 11392 | D:10     | Found a staircase to the Orcish Mines.
 11526 | D:10     | Found a glowing golden altar of the Shining One.
 11626 | D:10     | 11626 ||| READING scroll of enchant weapon.
 11626 | D:10     | 11626 ||| ENCHANTING +2 battleaxe.
 11667 | D:10     | Noticed a wizard
 11668 | D:10     | 11668 ||| Stepping ~*~*~tactically~*~*~ (stealth).
 11669 | D:10     | Noticed a large abomination
 11671 | D:10     | 11671 ||| Stepping ~*~*~tactically~*~*~ (stealth).
 11673 | D:10     | Noticed a large abomination
 11674 | D:10     | 11674 ||| INVOKING Fiery Armour.
 11675 | D:10     | Noticed a large abomination
 11677 | D:10     | Noticed a large abomination
 11679 | D:10     | Killed a wizard
 11680 | D:10     | Reached skill level 6 in Armour
 11708 | D:10     | HP: 15/90 [large abomination (11)]
 11711 | D:10     | Killed a large abomination
 11716 | D:10     | Mangled by a large abomination

Levels and vault maps discovered:
D:1:      evilmike_arrival_come_back, layout_rooms
D:2:      kennysheep_the_goblin_king, layout_basic, minmay_hexomino_f4
D:3:      layout_basic, basic_ecumenical_altar, st_stairs_5
D:4:      layout_rooms, dreamdust_mushroom_princess, nicolae_shop_self_help
D:5:      layout_loops_corners, minmay_temple_entry_nine_rooms
D:6:      layout_rooms, lightli_minifort, uniq_sigmund
D:7:      cheibrodos_barr_body, layout_basic, marbit_many_paths,
          amcnicky_altar_gilded, chequers_serial_rivers_micro_b,
          reono_crystal_passage
D:8:      layout_basic, eat_drink_and_be_merry_uskayaw
D:9:      layout_basic, mainiacjoe_overflow_boulevard
D:10:     nzn_winding_woodlands_small [nzn_winding_woodlands_5x15_garden,
          nzn_winding_woodlands_center_lodge,
          nzn_winding_woodlands_5x15_crooked], layout_gridville, tso_altar,
          orc_0_dummy, laboratory

Skill      XL: |  1  2  3  4  5  6  7  8  9 10 11 |
---------------+----------------------------------+-----
Axes           | 4 5 6 7 9 11 13 14 | 14.0
Armour         | 1 2 3 4 5 6 |  6.2
Dodging        | 1 2 |  2.1
Throwing       | 1 3 |  3.9
Fighting       | 4 6 7 8 10 | 10.3
Spellcasting   | |  1.1
Fire Magic     | |  3.0

Action                   |  1- 3 |  4- 6 |  7- 9 | 10-12 || total
-------------------------+-------+-------+-------+-------++-------
Melee: Hand axe          |   137 |       |       |       ||   137
       War axe           |     2 |   137 |   112 |       ||   251
       Punch             |       |     2 |     3 |     4 ||     9
       Battleaxe         |       |       |    72 |   196 ||   268
Throw: Boomerang         |       |     3 |       |    12 ||    15
Invok: Fiery Armour      |     3 |       |     2 |     6 ||    11
  Use: Scroll            |     3 |     7 |     6 |     3 ||    19
       Potion            |     1 |     2 |     3 |     3 ||     9
Armor: Robe              |    15 |       |       |       ||    15
       Ring mail         |     7 |    14 |       |       ||    21
       Chain mail        |       |    19 |    73 |    61 ||   153
Dodge: Dodged            |    82 |    63 |    86 |    72 ||   303
Block: Other             |    16 |    26 |    32 |    28 ||   102
       Reflection        |       |       |     1 |     2 ||     3

Table legend:
 A = Non-vault XP
 B = Vault XP
 C = Vault XP percentage of total XP
 D = Non-vault monster count
 E = Vault monster count
 F = Vault count percentage of total count
                 A         B        C        D         E       F
            +---------+---------+-------+---------+---------+-------
      Total |    6282 |    8820 |  58.4 |     165 |      47 |  22.2
            +---------+---------+-------+---------+---------+-------
        D:1 |      27 |       0 |   0.0 |      18 |       0 |   0.0
        D:2 |      40 |      24 |  37.5 |      16 |      11 |  40.7
        D:3 |     146 |       8 |   5.2 |      26 |       3 |  10.3
        D:4 |      92 |       0 |   0.0 |       8 |       0 |   0.0
        D:5 |     472 |     133 |  22.0 |      14 |       1 |   6.7
        D:6 |    1262 |     237 |  15.8 |      40 |       3 |   7.0
        D:7 |     954 |     972 |  50.5 |      10 |      13 |  56.5
        D:8 |    1714 |       0 |   0.0 |      12 |       0 |   0.0
        D:9 |     662 |       0 |   0.0 |      10 |       0 |   0.0
       D:10 |     913 |    7446 |  89.1 |      11 |      16 |  59.3
            +---------+---------+-------+---------+---------+-------
